 Dungeon Crawl Stone Soup version 0.24-a0-639-gb70a11d811 (webtiles) character file.

Game seed: 4337002525011622930, levelgen mode: deterministic

2039 btv the Chopper (level 9, -15/79 HPs)
             Began as a Hill Orc Fighter on Sept 21, 2019.
             Was an Initiate of the Shining One.
             Killed from afar by a steam dragon (17 damage)
             ... with a ball of steam
             ... on level 7 of the Dungeon.
             The game lasted 00:51:08 (7142 turns).

btv the Chopper (Hill Orc Fighter)                  Turns: 7142, Time: 00:51:08

Health: -15/79     AC: 16    Str: 22    XL:     9   Next: 24%
Magic:  12/12      EV:  6    Int:  8    God:    the Shining One [......]
Gold:   187        SH: 10    Dex: 10    Spells: 8/8 levels left

rFire    . . .     SeeInvis .   a - +0 war axe
rCold    . . .     Gourm    .   c - +0 shield
rNeg     . . .     Faith    .   g - +0 chain mail
rPois    .         Spirit   .   w - +2 helmet
rElec    .         Reflect  .   (no cloak)
rCorr    .         Harm     .   (no gloves)
MR       .....                  h - +1 pair of boots
Stlth    ..........             (no amulet)
HPRegen  0.23/turn              d - ring of stealth
MPRegen  0.13/turn              o - ring of flight

@: glowing
A: no striking features
a: Renounce Religion, Evoke Flight


You were on level 7 of the Dungeon.
You worshipped the Shining One.
The Shining One was noncommittal.
You were not hungry.

You visited 2 branches of the dungeon, and saw 8 of its levels.

You collected 253 gold pieces.
You spent 66 gold pieces at shops.

Inventory:

Hand Weapons
 a - a +0 war axe (weapon)
 b - a +0 trident
 v - a +0 flail
Armour
 c - a +0 shield (worn)
 g - a +0 chain mail (worn)
 h - a +1 pair of boots (worn)
 w - a +2 helmet (worn)
 y - a +0 large shield
Jewellery
 d - a ring of stealth (left hand)
 o - a ring of flight (right hand)
 s - a +2 amulet of reflection {unknown}
Wands
 m - a wand of iceblast (6)
 u - a wand of digging (3)
Scrolls
 e - 2 scrolls of remove curse
 i - a scroll of blinking
 j - 4 scrolls of teleportation
 p - 6 scrolls of identify
Potions
 k - 2 potions of flight
 l - a potion of haste
 n - 2 potions of curing
 q - a potion of magic
 t - a potion of heal wounds
Comestibles
 f - 9 rations
 r - 4 chunks of flesh


   Skills:
 + Level 7.3 Fighting
 + Level 7.7 Axes
 + Level 6.6 Armour
 - Level 1.1 Dodging
 + Level 6.6 Shields
 + Level 4.4 Evocations


You had 8 spell levels left.
You didn't know any spells.
Your spell library contained the following spells:

 Spells                   Type           Power        Failure   Level  Hunger
 Corona                   Hex            #......      100%        1    ##.....
 Ensorcelled Hibernation  Hex/Ice        #.....       100%        2    ###....
 Confuse                  Hex            #.......     100%        3    ####...
 Dazzling Spray           Conj/Hex       #.....       100%        3    ####...
 Tukima's Dance           Hex            #.......     100%        3    ####...


Dungeon Overview and Level Annotations

Branches:
Dungeon (7/15)             Temple (1/1) D:5

Altars:
Ashenzari
Cheibriados
Dithmenos
Fedhas
Gozag
Kikubaaqudgha
Nemelex Xobeh
Okawaru
Qazlal
Ru
Sif Muna
Trog
Uskayaw
Vehumet
Wu Jian
Xom
Zin
The Shining One

Shops:
D:4 ?   D:6 [

Annotations:
D:3 1 runed translucent door, Oninnaise's ghost, amateur FoCK


Message History

You block the steam dragon's attack.
The steam dragon claws you but does no damage.
You barely miss the steam dragon.
The steam dragon is heavily wounded.
The steam dragon bites you but does no damage.
The steam dragon claws you but does no damage.
You hit the steam dragon.
The steam dragon is heavily wounded.
The steam dragon bites you but does no damage.
The steam dragon claws you but does no damage.
The steam dragon breathes steam at you.
The ball of steam hits the steam dragon!
The steam dragon resists.
The ball of steam hits you!!
* * * LOW HITPOINT WARNING * * *
The steam dragon breathes steam at you. The ball of steam hits you!!
* * * LOW HITPOINT WARNING * * *
The steam dragon breathes steam at you. The ball of steam hits you!
You die...

#+# # #.# ########### #≈
#.# #.......... #≈. #@#
#......... # #≈.### #§#
#......... +
#≈....###§####....######
# #≈..D§#D...........#..#
#≈.8§§D.§..........#..#
#≈≈.§§#.........#.....###
##≈≈§##..####...#.......#
#####..## #.#####.....#
...## #.. #..#...


There were no monsters in sight!

Vanquished Creatures
  A gargoyle (D:6)
  Eustachio (D:4)
  A water moccasin (D:6)
  A black bear (D:6)
  2 ice beasts
  An ogre (D:5)
  A centaur (D:5)
  A wyvern skeleton (D:6)
  A scorpion (D:6)
  A jelly (D:6)
  5 orc priests
  3 hounds
  4 orc wizards
  A bullfrog skeleton (D:4)
  Natasha (thrice) (D:4)
  An iguana (D:4)
  2 worker ants (D:5)
  Robin (D:4)
  11 adders
  3 gnolls (D:3)
  3 oozes
  An adder zombie (D:5)
  An adder skeleton (D:4)
  3 worms (D:3)
  4 dart slugs
  3 leopard geckos
  16 orcs
  A ball python (D:1)
  10 giant cockroaches (D:2)
  18 goblins
  6 hobgoblins
  5 jackals (D:3)
  A quokka (D:2)
  8 bats
  3 frilled lizards
  A jackal skeleton (D:7)
  5 kobolds
  A leopard gecko skeleton (D:4)
  2 rats
137 creatures vanquished.

Vanquished Creatures (others)
  A steam dragon (D:7)
1 creature vanquished.

Grand Total: 138 creatures vanquished

Notes
Turn   | Place    | Note
-------+----------+-------------------------------------------
     0 | D:1      | btv the Hill Orc Fighter began the quest for the Orb.
     0 | D:1      | Reached XP level 1. HP: 19/19 MP: 1/1
   276 | D:1      | Reached XP level 2. HP: 25/27 MP: 2/2
   440 | D:1      | Reached XP level 3. HP: 33/33 MP: 3/3
  1007 | D:2      | Reached skill level 1 in Dodging
  1007 | D:2      | Reached XP level 4. HP: 12/40 MP: 4/4
  2050 | D:3      | Reached XP level 5. HP: 41/47 MP: 5/5
  2394 | D:3      | Found a runed translucent door.
  2394 | D:3      | Noticed Oninnaise's ghost (amateur FoCK)
  3250 | D:3      | Reached XP level 6. HP: 34/55 MP: 6/6
  3360 | D:4      | Noticed Eustachio
  3558 | D:4      | Killed Eustachio
  3558 | D:4      | Reached skill level 5 in Fighting
  3558 | D:4      | Reached skill level 5 in Axes
  3558 | D:4      | Reached skill level 1 in Evocations
  3558 | D:4      | Reached XP level 7. HP: 36/61 MP: 6/8
  3737 | D:4      | Reached skill level 5 in Armour
  3737 | D:4      | Reached skill level 5 in Shields
  3848 | D:4      | Noticed Natasha
  3859 | D:4      | Killed Natasha
  4008 | D:4      | Noticed Natasha
  4013 | D:4      | Killed Natasha
  4055 | D:4      | Noticed Robin
  4074 | D:4      | Killed Robin
  4184 | D:4      | Found a sacrificial altar of Ru.
  4534 | D:4      | Noticed Natasha
  4540 | D:4      | Killed Natasha
  4751 | D:4      | Found Ycsig's Magic Scroll Boutique.
  4757 | D:4      | Bought a scroll of identify for 22 gold pieces
  4757 | D:4      | Bought a scroll of identify for 22 gold pieces
  4757 | D:4      | Bought a scroll of identify for 22 gold pieces
  4779 | D:5      | Entered Level 5 of the Dungeon
  4811 | D:5      | Reached XP level 8. HP: 49/70 MP: 8/10
  4991 | D:5      | Found a staircase to the Ecumenical Temple.
  5016 | Temple   | Entered the Ecumenical Temple
  5054 | Temple   | Became a worshipper of the Shining One
  6268 | D:6      | Noticed a gargoyle
  6554 | D:6      | Killed a gargoyle
  6735 | D:6      | Reached XP level 9. HP: 79/79 MP: 12/12
  6832 | D:6      | Found Himnor's Antique Armour Boutique.
  6975 | D:6      | Found a snail-covered altar of Cheibriados.
  7138 | D:7      | HP: 1/79 [steam dragon/ball of steam (18)]
  7142 | D:7      | Killed from afar by a steam dragon

Levels and vault maps discovered:
D:1:      dpeg_arrival_simpleton_a, layout_basic, serial_corexii_hall,
          corexii_hall_statues_x, chequers_hall_statues_wall_a,
          corexii_hall_statues_s, corexii_hall_statues_x,
          corexii_hall_statues_deadend, chequers_hall_statues_y
D:2:      minmay_roachtagon, layout_loops_corners
D:3:      layout_rooms, first_ration, gammafunk_ghost_grave
D:4:      layout_basic, nicolae_overflow_crystal_walls, serial_shops,
          shop_fountains, uniq_natasha, uniq_eustachio, uniq_robin
D:5:      layout_rooms, minmay_temple_entry_offerings
D:6:      layout_basic, kennysheep_mini_moat, serial_shops, nicolae_shop_trees,
          dk_noncrumbling_4
D:7:      cheibrodos_steamvent, layout_basic, serial_shops,
          kennysheep_little_box, serial_glass, glass_columns_a, glass_columns_b,
          hangedman_decor_push
Temple:   regret_index_temple_sphere_string

Skill      XL: |  1  2  3  4  5  6  7  8 |
---------------+-------------------------+-----
Fighting       | 4 5 7 |  7.3
Axes           | 3 4 5 6 7 |  7.7
Dodging        | 1 |  1.1
Armour         | 4 5 6 |  6.6
Shields        | 4 5 6 |  6.6
Evocations     | 1 2 4 |  4.4

Action                   |  1- 3 |  4- 6 |  7- 9 || total
-------------------------+-------+-------+-------++-------
Melee: War axe           |   116 |   193 |   272 ||   581
  Use: Potion            |     3 |       |     1 ||     4
       Scroll            |       |       |    12 ||    12
  Eat: Chunk             |       |     8 |     6 ||    14
       Ration            |       |       |     2 ||     2
Armor: Scale mail        |    56 |    96 |    80 ||   232
       Chain mail        |       |       |    53 ||    53
Dodge: Dodged            |    37 |    91 |    72 ||   200
Block: Shield            |    71 |   133 |   146 ||   350

Table legend:
 A = Non-vault XP
 B = Vault XP
 C = Vault XP percentage of total XP
 D = Non-vault monster count
 E = Vault monster count
 F = Vault count percentage of total count
                 A         B        C        D         E       F
            +---------+---------+-------+---------+---------+-------
      Total |    2450 |     464 |  15.9 |     112 |      25 |  18.2
            +---------+---------+-------+---------+---------+-------
        D:1 |      50 |       0 |   0.0 |      21 |       0 |   0.0
        D:2 |      89 |      20 |  18.3 |      20 |      10 |  33.3
        D:3 |     281 |       0 |   0.0 |      24 |       0 |   0.0
        D:4 |     394 |     263 |  40.0 |      18 |      14 |  43.8
        D:5 |     573 |       0 |   0.0 |      18 |       0 |   0.0
        D:6 |    1062 |       0 |   0.0 |      10 |       0 |   0.0
        D:7 |       1 |     181 |  99.5 |       1 |       1 |  50.0
            +---------+---------+-------+---------+---------+-------
